 Dungeon Crawl Stone Soup version 0.9.0-15-g1b13fe2 character file.

1669 CedII the Magician (level 8, -1/51 HPs)
             Began as a Mummy Wizard on Aug 24, 2011.
             Shot with an arrow by a centaur (8 damage)
             ... on Level 7 of the Dungeon.
             The game lasted 01:18:02 (8243 turns).

CedII the Magician (Mummy Wizard)                   Turns: 8243, Time: 01:18:03

HP  -1/51        AC  4     Str 10      XL: 8   Next: 27%
MP   6/20        EV 12     Int 19      God:
Gold 419         SH  0     Dex 10      Spells:  6 memorised,  4 levels left

Res.Fire  : . . .   See Invis. : .   v - +0 whip (reach)
Res.Cold  : + + .   Warding    : . . o - +1 robe {rF+}
Life Prot.: + + +   Conserve   : .   (no shield)
Res.Acid. : . . .   Res.Corr.  : .   y - +0 helmet
Res.Poison: +       Clarity    : .   (no cloak)
Res.Elec. : .       Spirit.Shd : .   (no gloves)
Sust.Abil.: . .     Stasis     : .   (no boots)
Res.Mut.  : .       Ctrl.Telep.: .   (no amulet)
Res.Rott. : +       Levitation : .   u - ring of levitation
Saprovore : . . .   Ctrl.Flight: .   i - ring of protection from cold

@: somewhat resistant to hostile enchantments, fairly stealthy
A: no food or potions, fire vulnerability, cold resistance 1, life protection 3,
poison resistance, torment resistance, unbreathing
a: Evoke Levitation


You were on level 7 of the Dungeon.
You were not hungry.

You visited 2 branches of the dungeon, and saw 8 of its levels.

You collected 399 gold pieces.

Inventory:

Hand weapons
 q - a +0,+0 sling
 v - a +0,+0 whip of reaching (weapon)
Missiles
 f - 19 silver +0 darts (quivered)
 j - 32 +0 sling bullets
 n - 77 +0 darts
 w - 112 +0 stones
 z - 32 +0 darts of frost
Armour
 b - a +0 wizard hat
 o - a +1 robe of fire resistance (worn)
 y - a +0 helmet (worn)
Magical devices
 C - a wand of confusion (8)
Scrolls
 d - a scroll of recharging {unknown}
 e - a scroll of enchant weapon I {unknown}
 h - 4 scrolls of identify
 k - 3 scrolls of detect curse {unknown}
 l - 4 scrolls of remove curse
 m - 2 scrolls of curse armour {unknown}
 p - 3 scrolls of amnesia {unknown}
 r - a scroll of curse weapon {unknown}
 s - a scroll of blinking {unknown}
 x - a scroll of summoning {unknown}
 A - a scroll of random uselessness {unknown}
 D - a scroll of immolation {unknown}
Jewellery
 i - a ring of protection from cold (left hand)
 u - a ring of levitation (right hand)
Books
 a - a book of Stalking

   Spells                             Type                      Level
   Fulsome Distillation               Transmutation/Necromancy     1
   Evaporate                          Fire/Transmutation           2
   Passwall                           Transmutation/Earth          3
   Petrify                            Transmutation/Earth          4
   Dig                                Transmutation/Earth          4
 c - a book of Minor Magic

   Spells                             Type                      Level
   *Magic Dart                        Conjuration                  1
   *Blink                             Translocation                2
   *Call Imp                          Summoning                    2
   *Repel Missiles                    Charms/Air                   2
   Slow                               Hexes                        2
   *Conjure Flame                     Conjuration/Fire             3
   *Mephitic Cloud                    Conjuration/Poison/Air       3


   Skills:
 + Level 1 Fighting
 - Level 1 Polearms
 + Level 2 Dodging
 + Level 3 Stealth
 - Level 1 Stabbing
 + Level 1 Traps & Doors
 + Level 5 Spellcasting
 + Level 3 Conjurations
 + Level 2 Summonings
 + Level 1 Translocations
 + Level 1 Fire Magic
 + Level 1 Air Magic
 + Level 1 Poison Magic


You had 4 spell levels left.
You knew the following spells:

 Your Spells              Type           Power        Success   Level  Hunger
a - Magic Dart            Conj           ####.        Excellent   1    N/A
b - Call Imp              Summ           ###.......   Great       2    N/A
c - Blink Tloc            N/A            Very         Good        2    N/A
d - Mephitic Cloud        Pois/Air/Conj  ##........   Good        3    N/A
e - Conjure Flame Fire/Conj ###......      Very         Good        3    N/A
f - Repel Missiles Air/Chrm ##........     Very         Good        2    N/A

Dungeon Overview and Level Annotations

Branches:
Dungeon (7/27)             Temple (1/1) D:6
    Orc: D:6-11

Altars:
Ashenzari
Cheibriados
Elyvilon
Fedhas
Kikubaaqudgha
Nemelex Xobeh
Okawaru
Trog
Vehumet
Xom
Zin


Innate Abilities, Weirdness & Mutations

You do not eat or drink.
Your flesh is vulnerable to fire.
Your flesh is cold resistant.
You are immune to negative energy.
Your system is resistant to poisons.
You are immune to unholy pain and torment.
You do not need to breathe.


Message History

Aiming: Mephitic Cloud
Press: ? - help, Shift-Dir - straight line, p - orc The beam explodes into a vile cloud!
The stinking cloud engulfs the centaur.
The stinking cloud engulfs the orc wizard.
The centaur is engulfed in noxious fumes.
The centaur appears confused.
The iguana skeleton misses you.
The orc wizard is engulfed in noxious fumes.
The orc wizard appears confused.
The centaur hits you.
Casting: Mephitic Cloud
Confirm with . or Enter, or press ? or * to list all spells.
You blink.
A giant eyeball comes into view.
The orc closely misses the orc.
The centaur wields an uncursed bow.
The centaur shoots an arrow.
The arrow hits you!
The centaur shoots an arrow.
The arrow hits you!
* * * LOW HITPOINT WARNING * * *
The centaur shoots an arrow.
The arrow misses you.
You see here 2 arrows.
The centaur shoots an arrow.
The arrow hits you!
You die...

§§.......#
§§.......#
.........#
..c......#
..(.....#
...J..####
....z..#.#
.......(##
......o.@#
....o..%<#
...(...#<#
........##
......f.§#
.........#
..G......#
.........#
.......###


You could see a centaur, an ooze, 2 orcs and an iguana skeleton.

Vanquished Creatures
  An orc warrior (D:3)
  2 centaurs
  An ogre (D:6)
  A phantom (D:5)
  Sigmund (D:6)
  An orc priest (D:5)
  An iguana (D:4)
  2 worker ants
  3 orc wizards
  Ijyb (D:4)
  Jessica (D:2)
  2 jellies (D:6)
  2 gnolls
  4 snakes
  An iguana skeleton (D:6)
  2 worms
  4 oozes
  11 orcs
  8 bats
  5 giant cockroaches
  12 hobgoblins
  2 quokkas
  3 giant geckos
  3 giant newts
  13 goblins
  A hobgoblin skeleton (D:5)
  12 jackals (D:6)
  13 kobolds
  15 rats
  2 small snakes (D:1)
130 creatures vanquished.

Vanquished Creatures (collateral kills)
  The ghost of Shenanigans the Covered, an average MDFi (D:5)
  2 giant frogs (D:6)
  A killer bee zombie (D:5)
  An orc priest (D:6)
  3 imps
  A worker ant (D:4)
  An orc wizard (D:3)
  2 gnolls (D:5)
  5 snakes
  A snake skeleton (D:6)
  6 orcs
  A giant cockroach (D:4)
  A goblin (D:4)
  A hobgoblin (D:6)
  2 rats (D:4)
  A rat zombie (D:5)
30 creatures vanquished.

Vanquished Creatures (others)
  9 imps
  8 white imps
  2 shadow imps
  2 orcs
  16 toadstools
37 creatures vanquished.

Grand Total: 197 creatures vanquished

Notes
Turn   | Place    | Note
--------------------------------------------------------------
     0 | D:1      | CedII, the Mummy Wizard, began the quest for the Orb.
     0 | D:1      | Reached XP level 1. HP: 11/11 MP: 5/5
   442 | D:2      | Reached skill level 1 in Conjurations
   668 | D:2      | Reached XP level 2. HP: 13/17 MP: 4/7
   675 | D:2      | Learned a level 2 spell: Call Imp
   678 | D:2      | Learned a level 2 spell: Blink
   747 | D:2      | Noticed an imp
   762 | D:2      | Defeated an imp
   762 | D:2      | Reached skill level 4 in Spellcasting
   762 | D:2      | Reached XP level 3. HP: 10/22 MP: 2/10
   773 | D:2      | Learned a level 3 spell: Mephitic Cloud
  1090 | D:2      | Noticed Jessica
  1097 | D:2      | Defeated Jessica
  1306 | D:2      | Reached XP level 4. HP: 28/28 MP: 9/12
  1324 | D:2      | Learned a level 3 spell: Conjure Flame
  2534 | D:3      | Reached skill level 1 in Fighting
  2598 | D:3      | Reached skill level 1 in Poison Magic
  2598 | D:3      | Reached XP level 5. HP: 25/33 MP: 2/14
  2634 | D:3      | Noticed an orc warrior
  2814 | D:3      | Reached skill level 1 in Summonings
  3089 | D:3      | Reached skill level 1 in Air Magic
  3637 | D:3      | Defeated an orc warrior
  3637 | D:3      | Reached skill level 1 in Polearms
  3637 | D:3      | Reached skill level 1 in Traps & Doors
  3637 | D:3      | Reached XP level 6. HP: 30/39 MP: 2/16
  3706 | D:3      | Learned a level 2 spell: Repel Missiles
  3826 | D:4      | Noticed Ijyb
  4039 | D:4      | Defeated Ijyb
  4523 | D:5      | Entered Level 5 of the Dungeon
  4560 | D:5      | Noticed Shenanigans' ghost (average MDFi)
  4643 | D:5      | Defeated Shenanigans' ghost
  4643 | D:5      | Reached skill level 5 in Spellcasting
  4839 | D:5      | Reached XP level 7. HP: 30/44 MP: 0/18
  5134 | D:5      | Reached skill level 1 in Translocations
  5198 | D:5      | Reached skill level 1 in Fire Magic
  5575 | D:5      | Reached skill level 1 in Stabbing
  6033 | D:6      | Noticed Sigmund
  6670 | D:6      | Defeated Sigmund
  6670 | D:6      | Reached XP level 8. HP: 44/51 MP: 5/20
  6696 | D:6      | Noticed holindarn's ghost (experienced DrMo)
  7100 | D:6      | Found a staircase to the Ecumenical Temple.
  7111 | Temple   | Entered the Ecumenical Temple
  8243 | D:7      | Shot with an arrow by a centaur
